 Dungeon Crawl Stone Soup version 0.23-a0-512-g50a8178 (webtiles) character file.

57 zishaf the Firebug (level 3, 0/19 HPs)
             Began as a Deep Elf Fire Elementalist on Dec 5, 2018.
             Slain by a goblin
             ... wielding a +0 dagger
              (3 damage)
             ... on level 2 of the Dungeon.
             The game lasted 00:03:04 (1275 turns).

zishaf the Firebug (Deep Elf Fire Elementalist)     Turns: 1275, Time: 00:03:05

Health: 0/19       AC:  2    Str:  5    XL:     3   Next: 73%
Magic:  0/9        EV: 13    Int: 20    God:
Gold:   66         SH:  0    Dex: 15    Spells: 2/8 levels left

rFire    . . .     SeeInvis .   (no weapon)
rCold    . . .     Gourm    .   (no shield)
rNeg     . . .     Faith    .   a - +0 robe
rPois    .         Spirit   .   (no helmet)
rElec    .         Reflect  .   (no cloak)
rCorr    .         Harm     .   (no gloves)
MR       .....                  (no boots)
Stlth    ++........             (no amulet)
HPRegen  0.06/turn              (no ring)
MPRegen  0.11/turn              (no ring)

@: no status effects
A: no striking features
a: no special abilities


You were on level 2 of the Dungeon.
You were not hungry.

You visited 1 branch of the dungeon, and saw 2 of its levels.

You collected 66 gold pieces.

Inventory:

Armour
 a - a +0 robe (worn)
Scrolls
 g - a scroll of remove curse {unknown}
 j - 2 scrolls of amnesia {unknown}
 k - a scroll of enchant armour {unknown}
 l - a scroll of fear {unknown}
Potions
 b - a potion of invisibility {unknown}
 e - a potion of resistance {unknown}
 f - a potion of mutation {unknown}
 h - 3 potions of agility {unknown}
 i - a potion of curing {unknown}
Comestibles
 c - a ration
 d - 3 chunks of flesh


   Skills:
 + Level 2.9 Dodging
 - Level 3.0 Stealth
 - Level 3.0 Spellcasting
 * Level 2.5 Conjurations
 * Level 4.1 Fire Magic


You had 2 spell levels left.
You knew the following spells:

 Your Spells              Type           Power        Failure   Level  Hunger
a - Flame Tongue          Conj/Fire      ###..        3%          1    None
b - Throw Flame           Conj/Fire      ###...       5%          2    ##.....
c - Conjure Flame         Conj/Fire      ###.....     11%         3    ###....

Your spell library contained the following spells:

 Spells                   Type           Power        Failure   Level  Hunger
 Inner Flame              Hex/Fire       ##......     19%         3    ###....
 Sticky Flame             Conj/Fire      ###.....     34%         4    ####...
 Fireball                 Conj/Fire      ###.......   69%         5    ######.


Dungeon Overview and Level Annotations

Branches:
Dungeon (2/15)

Altars:


Message History

Casting: Flame Tongue (safe; 3% risk of failure)
Confirm with . or Enter, or press ? or * to list all spells.
Aiming: Flame Tongue (safe; 3% risk of failure)
Press: ? - help, Shift-Dir - straight line, f/p - adder
Aim: an adder The flame tongue hits the adder.
The adder is almost dead.
The adder barely misses you. The bat closely misses you.
The goblin hits you with a +0 dagger.
* * * LOW HITPOINT WARNING * * *
Casting: Flame Tongue (safe; 3% risk of failure)
Confirm with . or Enter, or press ? or * to list all spells.
Aiming: Flame Tongue (safe; 3% risk of failure)
Press: ? - help, Shift-Dir - straight line, f/p - adder
Aim: an adder (almost dead)
The flame tongue misses the adder.
The bat barely misses you. The adder bites you.
* * * LOW HITPOINT WARNING * * *
The goblin hits you with a +0 dagger.
You die...

#................#
#................#
#................###
#.............†....##
##..............# ...#.
##.........$.....##.#...
...#.##.....##..........
.##..##.....##..........
.............#..@Sb.....
................g)......
..#.###.................
..#.###.....[.....)..#.$
...........##...........
.#...#.#####.......##..<
)....... ..##.##.. #..
........ ### #. ..# #.
.........


You could see an adder, a goblin and a bat.

Vanquished Creatures
  An ooze (D:1)
  A worm (D:2)
  3 dart slugs (D:1)
  2 leopard geckos
  A ball python (D:1)
  6 bats
  A giant cockroach (D:2)
  4 goblins
  5 hobgoblins
  4 frilled lizards
  8 kobolds
  5 rats (D:1)
41 creatures vanquished.

Notes
Turn   | Place    | Note
-------+----------+-------------------------------------------
     0 | D:1      | zishaf the Deep Elf Fire Elementalist began the quest for
                  | the Orb.
     0 | D:1      | Reached XP level 1. HP: 10/10 MP: 6/6
   144 | D:1      | Reached XP level 2. HP: 15/15 MP: 5/8
   479 | D:1      | Reached XP level 3. HP: 19/19 MP: 5/9
  1114 | D:2      | Reached skill level 4 in Fire Magic
  1208 | D:2      | Learned a level 2 spell: Throw Flame
  1259 | D:2      | Learned a level 3 spell: Conjure Flame
  1275 | D:2      | Slain by a goblin

Vault maps used:
D:1:      shiori_arrival_maze

Skill      XL: |  1  2  3 |
---------------+----------+-----
Stealth        | 3 |  3.0
Conjurations   | 2 |  2.5
Fire Magic     | 4 |  4.1
Dodging        | |  2.9
Spellcasting   | |  3.0

Action                   || total
-------------------------++-------
 Cast: Flame Tongue      ||    84
  Eat: Chunk             ||     1
Armor: Robe              ||     5
Dodge: Dodged            ||    24

Table legend:
 A = Non-vault XP
 B = Vault XP
 C = Vault XP percentage of total XP
 D = Non-vault monster count
 E = Vault monster count
 F = Vault count percentage of total count
                 A         B        C        D         E       F
            +---------+---------+-------+---------+---------+-------
      Total |      77 |       5 |   6.1 |      39 |       2 |   4.9
            +---------+---------+-------+---------+---------+-------
        D:1 |      53 |       5 |   8.6 |      27 |       2 |   6.9
        D:2 |      24 |       0 |   0.0 |      12 |       0 |   0.0
            +---------+---------+-------+---------+---------+-------
